 Dungeon Crawl Stone Soup version 0.31.0-12-g77e489cdc1 (webtiles) character file.

Game seed: 9694234220103147784

20150 ColdPorridge the Fighter (level 13, -2/144 HPs)
             Began as a Djinni Shapeshifter on Feb 25, 2024.
             Was an Initiate of Gozag.
             Slain by a demonic crawler (5 damage)
             ... on level 3 of the Lair of Beasts.
             The game lasted 01:21:15 (10523 turns).

ColdPorridge the Fighter (Djinni Shapeshifter)     Turns: 10523, Time: 01:21:16

Health: -2/144     AC: 26    Str: 13    XL:     13   Next: 10%
Gold:   2127       EV:  2    Int: 16    God:    Gozag SH:  7 Dex: 24

rFire   . . .        y - +1 scimitar (flame)
rCold   . . .        p - +0 buckler of the Pit {^Drain Regen+ Int+4}
rNeg    . . .        M - melded +1 leather armour "Pominep" {rCorr}
rPois   ∞            (helmet currently unavailable)
rElec   .            G - melded +2 cloak
rCorr   .            B - melded +3 pair of gauntlets of War {Slay+5}
SInv    .            (boots unavailable)
Will    +....        (no amulet)
Stlth   ++           v - ring of wizardry
HPRegen 1.24/turn    A - +6 ring of dexterity
MPRegen 0.00/turn

%: wizardry (x1), infuse magic (-3 HP)
@: mighty, tree-form
A: stationary, stasis, torment immunity, boosted hp, sickness immunity, (fire
resistance 2), (cold vulnerability 1), float, innate caster, HP casting, extra
vitality 1
a: Renounce Religion, Potion Petition, Call Merchant, Bribe Branch


You were on level 3 of the Lair of Beasts.
You worshipped Gozag.
Gozag was most pleased with you.
You were a tree.
You visited 2 branches of the dungeon, and saw 12 of its levels.
You also visited: Bailey.

You collected 3765 gold pieces.
You spent 943 gold pieces at shops.
You paid 695 gold pieces to Gozag.

Inventory:

Hand Weapons
 n - a +2 mace of holy wrath
 o - a +2 short sword of venom
 x - a +1 falchion of holy wrath
 y - a +1 scimitar of flaming (weapon)
 H - the +8 trident of the Octopus King {venom, rElec rPois}
   (You found it on level 9 of the Dungeon)

   rElec:     It insulates you from electricity.
   rPois:     It protects you from poison
 L - a +1 short sword of electrocution
 R - a +3 quick blade of venom
Missiles
 g - 63 stones
 z - 31 poisoned darts (quivered)
Armour
 a - a +1 animal skin
 e - a +0 pair of gloves
 k - a +0 buckler
 p - the +0 buckler of the Pit (worn) {^Drain Regen+ Int+4}
   (You found it on level 3 of the Dungeon)

   Int+4:     It affects your intelligence (+4).
   Regen+:    It increases your rate of health regeneration.
   ^Drain:    It drains your maximum health when unequipped.
 B - the +3 pair of gauntlets of War (melded) {Slay+5}
   (You bought it in a shop on level 3 of the Dungeon)

   Slay+5:    It affects your accuracy & damage with ranged weapons and melee
   (+5).
 G - a +2 cloak (melded)
 I - a +0 pair of gloves of strength
 J - a +2 plate armour of willpower
 M - the +1 leather armour "Pominep" (melded) {rCorr}
   (You bought it in a shop on level 3 of the Lair of Beasts)

   rCorr:     It protects you from acid and corrosion.
 Q - the +0 robe of Gestures {*Slow Str+6 Int+2}
   (You found it on level 3 of the Lair of Beasts)

   Str+6:     It affects your strength (+6).
   Int+2:     It affects your intelligence (+2).
   *Slow:     It may slow you when you take damage.
Jewellery
 q - a ring of fire
 v - a ring of wizardry (left branch)
 A - a +6 ring of dexterity (right branch)
 E - a ring of fire
Talismans
 c - a beast talisman
 d - a flux talisman
Wands
 r - a wand of iceblast (4)
 u - a wand of light (1)
 F - a wand of paralysis (3)
 N - a wand of mindburst (5)
 P - a wand of digging (9)
Scrolls
 f - 3 scrolls of revelation
 i - 3 scrolls of fog
 l - 3 scrolls of teleportation
 m - a scroll of noise
 w - a scroll of enchant armour
Potions
 b - a potion of lignification
 h - 3 potions of degeneration
 j - 2 potions of enlightenment
 s - 5 potions of brilliance
 t - a potion of curing
 D - 2 potions of mutation
 K - a potion of berserk rage


   Skills:
 - Level 10.0 Fighting
 + Level 6.7(9.3) Short Blades
 - Level 10.0(10.8) Long Blades
 - Level 0.7 Polearms
 - Level 7.2 Dodging
 - Level 7.1 Shields
 - Level 4.9 Unarmed Combat
 - Level 3.2 Spellcasting
 - Level 3.2 Conjurations
 - Level 3.2 Hexes
 - Level 3.2 Summonings
 - Level 3.2 Necromancy
 - Level 3.2 Translocations
 - Level 3.2 Fire Magic
 - Level 3.2 Ice Magic
 - Level 3.2 Air Magic
 - Level 3.2 Earth Magic
 - Level 3.2 Alchemy
 - Level 4.8 Evocations
 - Level 4.1 Shapeshifting


You knew the following spells:

 Your Spells              Type           Power      Damage    Failure   Level
a - Kiss of Death         Conj/Necr      52%        2d9       2%          1
b - Scorch                Fire           26%        2d6       4%          2
c - Summon Ice Beast      Ice/Summ       13%        N/A       8%          3
d - Petrify               Alch/Erth      13%        N/A       24%         4
e - Curse of Agony        Necr           13%        N/A       52%         5
f - Freezing Cloud        Conj/Ice/Air   6%         6-21      52%         5
Your spell library was empty.

Dungeon Overview and Level Annotations

Branches:
Dungeon (9/15)             Temple (0/1) D:5            Lair (3/5) D:8
  Swamp (0/4) Lair:2       Spider (0/4) Lair:3       Bailey (visited)
    Orc: D:9-12

Altars:
Gozag

Shops:
D:3 [!([[   D:4 *   D:7 (   Lair:3 *

Annotations:
D:1 exclusion: downstairs
D:3 exclusion: downstairs
D:6 exclusions: downstairs and water moccasin
D:7 exclusions: downstairs and statue
Lair:2 exclusion: oklob plant


Innate Abilities, Weirdness & Mutations

You are a tree.
Your roots penetrate the ground, keeping you stationary.
You cannot be teleported.
You are immune to unholy pain and torment.
Your maximum health is greatly increased.
Your equipment is partially melded.
You are immune to sickness and miasma.
You are immune to poison.
((Your flesh is very heat resistant. (rF++)))
((You are vulnerable to cold. (rC-)))
You float through the air rather than walking.
You learn spells naturally, not from books.
Your magical power is your life essence.
You have superior vitality. (+4 MHP)


Message History

Cast which spell? (? or * to list)
Okay, then.
Cast which spell? (? or * to list)
Aiming: Petrify (dangerous; 24% risk of failure)
Press: ? - help, Shift-Dir - straight line, p - demonic crawler
Okay, then.
Okay, then.
Casting: Petrify (dangerous; 24% risk of failure)
Confirm with . or Enter, or press ? or * to list all spells.
Okay, then.
Okay, then.
Okay, then.
Aiming: Bolt of Light
Press: ? - help, Shift-Dir - straight line, f/p - demonic crawler
Aim: a demonic crawler (lightly wounded, 88% to hit)
The bolt of light hits the demonic crawler!
The demonic crawler is moderately wounded.
The demonic crawler is blinded.
The demonic crawler hits you but does no damage.
The demonic crawler completely misses you.
You block the demonic crawler's attack.
The swamp worm fires a harpoon shot at you.
You block the harpoon shot.
Aiming: Bolt of Light
Press: ? - help, Shift-Dir - straight line, f/p - demonic crawler
Aim: a demonic crawler (moderately wounded, blind, unable to see you, 88% to hit)
Okay, then.
Aiming: Iceblast
Press: ? - help, Shift-Dir - straight line, p - demonic crawler The mass of ice explodes!
The iceblast engulfs the swamp worm!
The swamp worm is heavily wounded.
You hear an angry hiss.
You block the demonic crawler's attack. The demonic crawler barely misses you.
The demonic crawler hits you but does no damage.
The swamp worm fires a harpoon shot at you.
The harpoon shot hits you!
* * * LOW HITPOINT WARNING * * *
The demonic crawler hits you.
You die...
Your body crumbles into a pile of gold.

###.......##.# ##...........#
#........## ## ##...#.........
##.......#.# ##...###.......#
#..)....#### ##.....##........
##........#######.....#.#.......#
#....)......#.##..#..............
.#...............................
................s................
....#...........♣.....w..........
....#.........#..................
.............##..................
..........<∩.##..................
#.........#######...###..........
##........# #....###........#
#........## ###.... #... ..##
###P......# #... . #.......###
... .


You could see a demonic crawler (blind, unable to see you) and a swamp worm.

Vanquished Creatures
  Erica (D:8)
  2 black mambas
  An elephant (D:8)
  7 cane toads
  7 komodo dragons
  2 rime drakes (Lair:1)
  Prince Ribbit (D:8)
  10 blink frogs
  A jumping spider (Lair:3)
  5 spriggans (Lair:1)
  36 yaks
  3 wyverns
  5 basilisks
  Edmund (D:4)
  2 steam dragons
  A swamp worm (Lair:3)
  8 water moccasins
  An orc warrior (D:9)
  An ice beast (D:5)
  2 black bears (Lair:2)
  3 ogres
  2 kobold brigands
  11 bullfrogs
  A gnoll sergeant (D:7)
  8 scorpions
  7 wights (D:8)
  4 killer bees (D:9)
  10 howler monkeys
  A quasit (D:5)
  3 hounds
  4 orc priests
  4 iguanas
  2 orc wizards
  A sleepcap (D:8)
  8 gnolls
  4 adders
  A white imp (D:5)
  A dart slug (D:1)
  3 ribbon worms
  29 orcs
  7 ball pythons
  2 bats
  7 endoplasms
  4 giant cockroaches
  11 goblins
  11 hobgoblins
  3 jackals (D:4)
  7 quokkas
  4 frilled lizards
  21 kobolds
  4 rats
285 creatures vanquished.

Vanquished Creatures (collateral kills)
  A troll (D:9)
1 creature vanquished.

Vanquished Creatures (others)
  An orc (D:7)
  A goblin (D:9)
2 creatures vanquished.

Grand Total: 288 creatures vanquished

Notes
Turn   | Place    | Note
-------+----------+-------------------------------------------
     0 | D:1      | ColdPorridge the Djinni Shapeshifter began the quest for
                  | the Orb.
     0 | D:1      | Reached XP level 1. HP: 17/17 MP: 0/0
   285 | D:1      | Reached XP level 2. HP: 15/22 MP: 0/0
   759 | D:2      | Reached XP level 3. HP: 24/28 MP: 0/0
   759 | D:2      | Learned a level 1 spell: Kiss of Death
  1639 | D:3      | Identified the +0 buckler of the Pit {^Drain Regen+ Int+4}
  1660 | D:3      | Reached XP level 4. HP: 29/29 MP: 0/0
  1778 | D:3      | Found Cemir's Armour Shoppe.
  1844 | D:3      | Found Witozxuw's Antique Weapon Shoppe.
  1859 | D:3      | Found Aseuv's Distillery.
  1870 | D:3      | Bought 2 potions of heal wounds for 110 gold pieces
  1870 | D:3      | Bought a potion of curing for 33 gold pieces
  2198 | D:2      | Found a faded altar of an unknown god.
  2205 | D:2      | Prayed at the altar of an unknown god.
  2205 | D:2      | Became a worshipper of Gozag Ym Sagoz the Greedy
  2348 | D:3      | Found Ceobbud's Antique Armour Shoppe.
  2444 | D:3      | Found Uczom's Armour Shoppe.
  2691 | D:4      | Found Ea-nāṣir's Fine Metal Goods.
  2709 | D:4      | Noticed a scorpion
  2712 | D:4      | Killed a scorpion
  2713 | D:4      | Reached XP level 5. HP: 40/40 MP: 0/0
  2713 | D:4      | Learned a level 2 spell: Scorch
  2852 | D:4      | Noticed Edmund
  2884 | D:4      | Killed Edmund
  2885 | D:4      | Reached XP level 6. HP: 29/46 MP: 0/0
  3340 | D:4      | Reached XP level 7. HP: 9/51 MP: 0/0
  3340 | D:4      | Learned a level 3 spell: Summon Ice Beast
  4104 | D:4      | Reached skill level 1 in Spellcasting
  4104 | D:4      | Reached skill level 1 in Conjurations
  4104 | D:4      | Reached skill level 1 in Hexes
  4104 | D:4      | Reached skill level 1 in Summonings
  4104 | D:4      | Reached skill level 1 in Necromancy
  4104 | D:4      | Reached skill level 1 in Translocations
  4104 | D:4      | Reached skill level 1 in Fire Magic
  4104 | D:4      | Reached skill level 1 in Ice Magic
  4104 | D:4      | Reached skill level 1 in Air Magic
  4104 | D:4      | Reached skill level 1 in Earth Magic
  4104 | D:4      | Reached skill level 1 in Alchemy
  4229 | D:5      | Entered Level 5 of the Dungeon
  5047 | D:6      | Reached XP level 8. HP: 51/58 MP: 0/0
  5305 | D:6      | Reached skill level 5 in Dodging
  5511 | D:3      | Bought the +3 pair of gauntlets of War {Slay+5} for 475
                  | gold pieces
  5511 | D:3      | Found the +3 pair of gauntlets of War {Slay+5}
  5782 | D:5      | Found a staircase to the Ecumenical Temple.
  6182 | D:7      | Identified the +3 scale mail of Jigsaw {Will- Str+2 Dex+2}
  6190 | D:7      | Noticed a vampire
  6361 | D:7      | Reached skill level 1 in Shields
  6368 | D:7      | Reached skill level 1 in Short Blades
  6406 | D:7      | Found Vana's Weapon Emporium.
  6452 | D:8      | Found a staircase to the Lair.
  6452 | D:8      | Noticed a wyvern
  6453 | D:8      | Noticed a basilisk
  6453 | D:8      | Noticed an elephant
  6453 | D:8      | Noticed a basilisk
  6512 | D:7      | Reached skill level 1 in Long Blades
  6585 | D:7      | Reached XP level 9. HP: 56/62 MP: 0/0
  6585 | D:7      | Learned a level 4 spell: Petrify
  6823 | D:8      | Noticed Erica
  6859 | D:8      | Killed an elephant
  6860 | D:8      | Reached skill level 5 in Shields
  6860 | D:8      | Killed Erica
  6861 | D:8      | Reached skill level 5 in Long Blades
  6910 | D:8      | Reached XP level 10. HP: 66/67 MP: 0/0
  6999 | D:8      | Noticed Prince Ribbit
  7014 | D:8      | Killed Prince Ribbit
  7245 | D:9      | Found the +8 trident of the Octopus King {venom, rElec
                  | rPois}
  7535 | D:9      | Found a flagged portal.
  7548 | Bailey   | Entered a bailey
  7668 | Bailey   | Noticed an orc knight
  7822 | D:9      | Reached skill level 1 in Evocations
  7994 | Lair:1   | Entered Level 1 of the Lair of Beasts
  8109 | Lair:1   | Noticed a komodo dragon
  8126 | Lair:1   | Killed a komodo dragon
  8179 | Lair:1   | Noticed a catoblepas
  8278 | Lair:2   | Noticed a cane toad
  8278 | Lair:2   | Noticed a rime drake
  8290 | Lair:1   | Killed a rime drake
  8291 | Lair:1   | Reached XP level 11. HP: 41/72 MP: 0/0
  8291 | Lair:1   | Learned a level 5 spell: Curse of Agony
  8323 | Lair:1   | Reached skill level 5 in Fighting
  9102 | Lair:2   | Reached skill level 10 in Fighting
  9220 | Lair:2   | Noticed an oklob plant
  9263 | Lair:2   | Reached XP level 12. HP: 91/91 MP: 0/0
  9286 | Lair:2   | Found a staircase to the Swamp.
  9885 | Lair:3   | Reached skill level 10 in Long Blades
  9892 | Lair:3   | Identified the +0 robe of Gestures {*Slow Str+6 Int+2}
  9895 | Lair:3   | Found a hole to the Spider Nest.
  9895 | Lair:3   | Noticed a pharaoh ant
  9911 | Lair:2   | Identified 2 scrolls of acquirement
  9911 | Lair:2   | Acquired a +3 quick blade of venom
  9953 | Lair:2   | Acquired 1234 gold pieces
 10068 | Lair:3   | Bought the +1 leather armour "Pominep" {rCorr} for 235 gold
                  | pieces
 10128 | Lair:3   | Bought a scroll of revelation for 90 gold pieces
 10193 | Lair:3   | Reached skill level 5 in Short Blades
 10312 | Lair:3   | Reached XP level 13. HP: 96/96 MP: 0/0
 10312 | Lair:3   | Learned a level 5 spell: Freezing Cloud
 10523 | Lair:3   | HP: 3/144 [swamp worm/harpoon shot (13)]
 10523 | Lair:3   | Slain by a demonic crawler

Illustrated notes

Levels and vault maps discovered:
D:1:      eino_arrival_tree_alley, layout_loops_ring
D:2:      layout_loops_cross, dreamdust_ecumenical_altar_hidden_monk_grotto
D:3:      layout_basic, serial_shops, shop_fountains, nicolae_shop_scrapyard,
          nicolae_square_shop, shop, nicolae_shop_pleasant_corner_grove,
          minivault_14
D:4:      layout_gridville, nicolae_ea-nasir_strikes_again,
          grunt_decor_one_mirror, uniq_edmund
D:5:      layout_basic, minmay_temple_entry_nine_rooms, serial_demonic,
          serial_demonic_b, serial_demonic_c, serial_demonic_f, serial_demonic_c
D:6:      layout_loops_cross
D:7:      layout_cave_pools, vehumet_statue, serial_shops, shop_fountains,
          hangedman_abyss_or_decor_lesser_grid
D:8:      layout_rooms, david_lair_generic, uniq_prince_ribbit1, uniq_erica
D:9:      layout_basic, minitemple, enter_bailey_3
Lair:1:   kb_forest_paths, layout_concentric_octagons,
          infiniplex_staircase_pool_2
Lair:2:   layout_roguey, swamp_mist, portal_ice_cave_entry_pillars_1
Lair:3:   layout_hall_layers, nicolae_spider_entry_lesser_pyramids, worms_lemuel

Skill      XL: |  1  2  3  4  5  6  7  8  9 10 11 12 13 |
---------------+----------------------------------------+-----
Shapeshifting  | 3 4 |  4.1
Fighting       | 2 3 10 | 10.0
Unarmed Combat | 4 |  4.9
Spellcasting   | 2 3 |  3.2
Conjurations   | 2 3 |  3.2
Hexes          | 2 3 |  3.2
Summonings     | 2 3 |  3.2
Necromancy     | 2 3 |  3.2
Translocations | 2 3 |  3.2
Fire Magic     | 2 3 |  3.2
Ice Magic      | 2 3 |  3.2
Air Magic      | 2 3 |  3.2
Earth Magic    | 2 3 |  3.2
Alchemy        | 2 3 |  3.2
Dodging        | 4 5 7 |  7.2
Shields        | 2 6 7 |  7.1
Short Blades   | 1 5 6 |  6.7
Long Blades    | 2 5 6 7 10 | 10.0
Evocations     | 4 |  4.8
Polearms       | |  0.7

Action                     |  1- 3 |  4- 6 |  7- 9 | 10-12 | 13-15 || total
---------------------------+-------+-------+-------+-------+-------++-------
  Melee: Unarmed           |    97 |       |       |       |       ||    97
         Short sword       |     3 |    94 |   207 |   622 |     8 ||   934
         Punch             |     1 |     2 |     7 |       |       ||    10
         Mace              |       |       |     5 |       |       ||     5
         Falchion          |       |       |     7 |    35 |       ||    42
         Scimitar          |       |       |       |     6 |     2 ||     8
         Quick blade       |       |       |       |   168 |    88 ||   256
  Throw: Stone             |     1 |     3 |       |       |       ||     4
         Dart              |       |     2 |       |     5 |       ||     7
   Cast: Kiss of Death     |     1 |     1 |       |     1 |       ||     3
         Summon Ice Beast  |       |       |     5 |     5 |       ||    10
 Invoke: Call Merchant     |       |       |       |     1 |       ||     1
Ability: Begin Untransform |       |       |     1 |       |       ||     1
  Evoke: Wand              |       |       |     4 |     3 |     6 ||    13
    Use: Potion            |     1 |     2 |     6 |     3 |     6 ||    18
         Scroll            |     1 |     7 |     9 |    15 |     1 ||    33
   Stab: Sleeping          |       |       |     1 |     2 |       ||     3
         Distracted        |       |       |     1 |     2 |       ||     3
         Invisible         |       |       |       |     1 |     2 ||     3
 Armour: Animal skin       |    40 |    53 |   118 |   255 |       ||   466
         Skin              |     1 |       |    52 |    20 |    32 ||   105
         Leather armour    |       |       |       |    14 |    40 ||    54
  Dodge: Dodged            |    42 |    52 |   138 |   407 |    63 ||   702
  Block: Buckler           |       |       |    21 |   224 |    44 ||   289
